Map: [ESL] Data-C

Players

eGGz

  • Race: Zerg Zerg
  • Spawn Location: 3:00

Kelazhur - Winner!

  • Race: Terran Terran
  • Spawn Location: 9:00

Event: DreamHack SC2 Masters 2022 Atlanta (Online)

VOD

Have the link to the VOD?

Description

Time

  • Played on: Oct. 1, 2022, 5:12 p.m.
  • Length: 15:34

All games in this series

Show
View Real Time Build Order
Export as new Build Order

eGGz Zerg 

Build Orders: Pool First, Lurkers 

Get SALT Encoding   

  12  0:00  Drone  
  13  0:09  Extractor  
  12  0:24  Spawning Pool  
  11  0:29  Drone  
  11  0:33  Drone  
  13  0:39  Drone  
  14  0:51  Overlord  
  14  1:11  Metabolic Boost  
  14  1:12  Zergling x4  
  14  1:14  Zergling x2  
  17  1:23  Zergling x2  
  18  1:37  Zergling x2  
  19  1:45  Hatchery  
  18  1:48  Zergling x2  
  19  1:58  Zergling x2  
  20  2:04  Queen  
  22  2:24  Overlord  
  22  2:28  Drone, Extractor  
  23  2:42  Drone  
  23  2:43  Drone  
  23  2:49  Drone  
  23  2:57  Drone  
  23  3:01  Drone  
  23  3:06  Queen  
  23  3:10  Drone  
  23  3:11  Drone  
  27  3:15  Drone x2  
  27  3:18  Drone x2  
  31  3:33  Hatchery  
  30  3:38  Drone  
  31  3:43  Roach Warren  
  31  3:46  Drone  
  31  3:50  Drone  
  31  3:51  Drone  
  33  3:56  Zergling x4  
  33  4:00  Zergling x2  
  36  4:04  Overlord  
  36  4:08  Overlord  
  36  4:20  Overlord  
  42  4:24  Roach x3  
  42  4:27  Roach  
  42  4:29  Roach  
  46  4:32  Roach  
  46  4:37  Overlord  
  48  4:39  Roach  
  48  4:46  Roach  
  48  4:47  Roach  
  52  4:53  Zergling x6  
  55  5:07  Drone x6  
  59  5:10  Zergling x4  
  59  5:12  Ravager  
  61  5:18  Drone x2  
  61  5:20  Drone x2  
  65  5:23  Drone  
  64  5:32  Drone  
  65  5:38  Drone, Overlord  
  65  5:39  Lair  
  65  5:41  Extractor  
  64  5:49  Drone  
  60  5:50  Drone  
  60  5:54  Queen x2  
  61  5:57  Drone x3  
  64  6:07  Drone  
  63  6:12  Drone x2  
  63  6:16  Drone x2  
  63  6:18  Drone  
  68  6:26  Drone  
  68  6:27  Drone  
  68  6:29  Queen x2  
  68  6:30  Overlord  
  74  6:36  Overlord  
  74  6:37  Overlord  
  74  6:38  Overlord, Spine Crawler  
  73  6:45  Evolution Chamber x2  
  65  6:47  Evolution Chamber  
  65  6:49  Drone x3  
  65  6:53  Drone  
  65  6:56  Drone  
  65  6:59  Drone x2  
  65  7:00  Drone x2  
  71  7:03  Ravager  
  71  7:06  Glial Reconstitution  
  71  7:07  Drone x2  
  74  7:11  Overlord  
  75  7:15  Overlord  
  75  7:17  Zergling x8  
  75  7:18  Zergling x2  
  75  7:19  Drone  
  81  7:23  Zerg Missile Weapons Level 1  
  81  7:24  Drone  
  82  7:31  Extractor  
  82  7:32  Drone, Extractor  
  82  7:33  Drone  
  82  7:36  Extractor  
  81  7:40  Drone, Hatchery  
  81  7:41  Drone x4  
  81  7:43  Overlord  
  85  7:49  Zerg Ground Armor Level 1  
  83  7:51  Drone  
  83  7:56  Drone  
  81  8:08  Overlord  
  81  8:10  Overlord  
  81  8:13  Drone x3  
  81  8:14  Overlord  
  81  8:15  Roach x2  
  81  8:16  Roach x2  
  81  8:19  Overlord  
  92  8:29  Overlord  
  92  8:33  Roach x6  
  104  8:38  Roach x2  
  108  8:44  Overseer  
  108  8:46  Roach  
  109  8:50  Roach x2  
  109  8:51  Roach  
  109  8:52  Drone x6  
  121  8:58  Drone  
  121  9:02  Roach x3  
  128  9:04  Ravager  
  128  9:06  Roach  
  128  9:08  Overlord  
  131  9:12  Roach  
  131  9:13  Roach x3  
  139  9:26  Overlord  
  139  9:29  Extractor  
  139  9:30  Infestation Pit, Drone x5  
  139  9:31  Drone x4  
  146  9:33  Extractor x2  
  146  9:35  Roach  
  146  9:36  Roach x3  
  151  9:44  Drone x3  
  152  9:49  Hydralisk Den, Queen  
  152  9:51  Drone x2  
  155  9:52  Spore Crawler  
  155  9:56  Zerg Missile Weapons Level 2  
  155  9:58  Spore Crawler  
  155  9:59  Drone  
  155  10:00  Drone x2  
  156  10:09  Hive  
  156  10:13  Overlord  
  156  10:16  Overlord  
  156  10:17  Roach x7  
  156  10:19  Ravager x2  
  172  10:24  Grooved Spines  
  172  10:25  Hatchery  
  171  10:31  Drone x2, Lurker Den  
  171  10:32  Drone x2  
  175  10:40  Overlord  
  172  10:52  Drone x2  
  172  10:53  Hatchery  
  172  10:56  Hydralisk x9  
  190  10:58  Overlord x3  
  190  11:07  Overlord  
  190  11:12  Ravager  
  189  11:20  Hydralisk x5  
  189  11:21  Roach x3  
  189  11:25  Overlord  
  194  11:31  Viper  
  194  11:32  Viper  
  190  11:38  Roach x7  
  190  11:39  Roach x3  
  169  11:40  Zergling x8  
  169  11:46  Overseer  
  165  11:58  Zerg Ground Armor Level 2  
  165  12:02  Roach x7  
  171  12:19  Muscular Augments  
  171  12:21  Hydralisk, Roach x8  
  189  12:26  Drone x4  
  189  12:27  Overlord  
  193  12:34  Overseer  
  193  12:39  Hydralisk  
  193  12:40  Roach x2  
  199  12:50  Seismic Spines  
  197  12:51  Overlord  
  171  13:12  Hydralisk x13  
  177  13:19  Lurker  
  195  13:21  Hatchery  
  190  13:35  Roach x5  
  188  13:42  Extractor  
  188  13:48  Hydralisk x3, Adaptive Talons, Extractor  
  177  13:49  Roach x8  
  177  13:55  Overlord  
  195  14:02  Overlord  
  181  14:04  Hatchery  
  181  14:08  Overseer, Nydus Network  
  177  14:12  Hydralisk x2  
  177  14:13  Hydralisk, Roach x8  
  199  14:21  Overseer  
  199  14:29  Lurker  
  176  14:49  Hatchery  
  147  14:55  Lurker x8  
  147  14:59  Roach x4  
  163  15:05  Nydus Canal  
  162  15:09  Overlord  
  162  15:10  Drone x3  
  162  15:11  Drone x13  
  162  15:12  Overlord  
Show
View Real Time Build Order
Export as new Build Order

Kelazhur Terran - Winner!

Build Orders: Reaper Expand 

Get SALT Encoding   

  12  0:00  SCV  
  13  0:12  SCV  
  14  0:17  Supply Depot  
  14  0:24  SCV  
  15  0:38  SCV  
  15  0:40  Barracks  
  16  0:43  Refinery  
  16  0:50  SCV  
  17  1:02  SCV  
  18  1:15  SCV  
  19  1:27  Reaper, Orbital Command  
  20  1:39  Command Center  
  20  1:47  Supply Depot  
  20  1:52  SCV  
  21  1:59  Marine  
  22  2:05  Factory  
  22  2:08  SCV  
  23  2:20  Barracks Reactor, SCV  
  22  2:33  Command Center  
  22  2:34  SCV  
  23  2:42  Supply Depot  
  23  2:46  SCV  
  25  2:51  Hellion  
  25  2:56  Marine  
  26  2:59  SCV  
  26  3:09  Starport  
  26  3:11  SCV  
  27  3:15  Barracks Reactor, Hellion  
  29  3:23  SCV  
  30  3:31  Command Center  
  30  3:35  SCV  
  31  3:46  Viking  
  31  3:48  Orbital Command  
  33  3:51  SCV  
  34  4:00  Hellion x2  
  38  4:03  SCV  
  38  4:07  Orbital Command  
  39  4:12  Refinery  
  39  4:16  SCV  
  40  4:23  Hellion  
  40  4:24  Liberator, Hellion  
  44  4:29  SCV  
  48  4:33  SCV  
  49  4:41  SCV  
  49  4:44  Orbital Command  
  50  4:45  Barracks Tech Lab  
  50  4:46  Hellion x2  
  50  4:47  SCV  
  55  4:53  SCV  
  55  4:59  SCV  
  57  5:05  SCV  
  55  5:09  Bunker  
  55  5:10  SCV  
  55  5:12  SCV  
  56  5:17  SCV  
  56  5:19  Siege Tank, Marine x2  
  62  5:24  SCV x2  
  64  5:29  SCV  
  65  5:36  SCV x2  
  65  5:37  Bunker, Marine x2  
  69  5:46  SCV  
  69  5:48  SCV x2  
  68  5:55  Marine  
  69  6:05  Supply Depot, Barracks x2  
  69  6:13  Refinery x2  
  69  6:15  Engineering Bay  
  69  6:16  SCV x3, Starport Reactor  
  72  6:27  Barracks  
  72  6:29  SCV x3, Barracks  
  72  6:31  Supply Depot  
  72  6:32  Factory Tech Lab, Marine  
  76  6:41  SCV x3  
  79  6:50  Marine  
  79  6:52  Terran Infantry Weapons Level 1  
  79  6:53  SCV x3  
  81  6:55  Engineering Bay  
  81  6:59  Stimpack  
  81  7:00  Siege Tank, Orbital Command  
  80  7:05  SCV x2  
  80  7:06  Starport Reactor  
  82  7:10  Marine  
  82  7:11  Marine x4  
  82  7:14  Armory  
  87  7:17  SCV x2  
  87  7:22  Barracks Reactor x2  
  89  7:23  Supply Depot  
  89  7:26  Supply Depot  
  89  7:28  Supply Depot  
  89  7:29  SCV x3  
  92  7:32  Marine  
  93  7:38  Terran Infantry Armor Level 1  
  93  7:45  SCV, Medivac, Siege Tank, Marine x2  
  93  7:47  Refinery, Marine x2  
  93  7:48  Supply Depot, SCV x2  
  93  7:50  Supply Depot, Marine  
  106  7:57  SCV  
  103  7:58  Marine x3  
  103  7:59  Marine  
  103  8:01  SCV, Factory  
  103  8:02  SCV, Marine x2  
  109  8:07  Medivac  
  109  8:09  SCV  
  109  8:10  Marine x3  
  115  8:15  Medivac  
  115  8:17  Command Center  
  115  8:19  SCV x2  
  119  8:20  Marine  
  119  8:21  Supply Depot, Marine x2  
  119  8:25  Siege Tank  
  119  8:26  Supply Depot  
  125  8:28  Supply Depot, Marine  
  125  8:30  Supply Depot, Marine x2  
  128  8:37  Medivac  
  128  8:39  Combat Shield  
  130  8:43  Refinery  
  130  8:44  Supply Depot  
  130  8:45  Medivac, Factory Reactor  
  132  8:49  Supply Depot  
  132  8:54  Terran Infantry Weapons Level 2  
  132  8:55  Supply Depot  
  132  8:56  Marine  
  132  8:58  SCV x3  
  136  9:07  Medivac  
  138  9:11  Supply Depot, Marine x6  
  138  9:12  Marine  
  138  9:13  SCV x2, Marauder  
  138  9:14  SCV, Marine  
  151  9:18  Siege Tank  
  154  9:26  Supply Depot, Medivac  
  154  9:28  Marine  
  154  9:29  Marine  
  158  9:32  Barracks, Widow Mine x2  
  158  9:34  SCV, Barracks  
  158  9:35  Barracks  
  163  9:43  SCV  
  163  9:44  SCV  
  162  9:47  Sensor Tower  
  162  9:49  Marauder, Marine x8  
  162  9:51  Terran Infantry Armor Level 2  
  172  9:52  Terran Vehicle Weapons Level 1  
  172  9:56  Planetary Fortress  
  172  9:58  SCV x2  
  174  10:00  SCV  
  175  10:07  Siege Tank  
  175  10:08  Widow Mine x2  
  175  10:11  Marine x4  
  175  10:12  Marauder  
  188  10:20  Barracks Tech Lab x2  
  188  10:22  Barracks Tech Lab  
  188  10:25  Ghost Academy  
  188  10:26  Command Center  
  188  10:31  Widow Mine x2  
  192  10:36  Marauder  
  192  10:41  Marauder x3  
  200  10:48  Armory  
  200  10:51  Refinery  
  200  10:52  Refinery  
  197  11:02  Siege Tank  
  200  11:05  Personal Cloaking  
  200  11:12  Command Center  
  200  11:14  Command Center  
  193  11:22  Marauder, Marine x3  
  193  11:23  Marauder x2  
  192  11:26  Widow Mine  
  192  11:27  Widow Mine  
  192  11:29  Marauder, Marine  
  192  11:32  Marine  
  197  11:35  Siege Tank, Marine, Factory  
  197  11:36  Marine x2  
  190  11:40  Marine  
  190  11:44  Marauder  
  193  11:48  Terran Infantry Weapons Level 3, Widow Mine x2  
  193  12:04  Command Center, Ghost  
  193  12:07  Siege Tank  
  198  12:09  Ghost  
  198  12:10  Ghost  
  195  12:16  Missile Turret, Ghost  
  195  12:17  Sensor Tower  
  195  12:20  Missile Turret  
  197  12:31  Factory Tech Lab, Enhanced Shockwaves  
  197  12:32  Widow Mine x2  
  197  12:33  Ghost  
  197  12:34  Planetary Fortress  
  193  12:37  Refinery  
  193  12:38  Refinery  
  193  12:40  Orbital Command  
  193  12:42  Command Center  
  193  12:49  Concussive Shells  
  193  12:57  Siege Tank  
  193  12:58  Siege Tank  
  197  13:04  Hellbat x2  
  197  13:05  Planetary Fortress  
  193  13:08  Ghost x2  
  193  13:13  Missile Turret  
  193  13:15  Missile Turret  
  193  13:16  Bunker, Missile Turret  
  193  13:17  Missile Turret  
  193  13:29  Ghost x2  
  193  13:31  Siege Tank x2  
  200  13:38  Infernal Pre-Igniter  
  197  13:48  Ghost  
  192  13:49  Nuke, Ghost  
  192  13:54  Orbital Command  
  194  13:57  Ghost  
  194  13:58  Ghost  
  194  13:59  Command Center  
  191  14:03  Medivac, Widow Mine x2, Siege Tank  
  190  14:16  Planetary Fortress  
  190  14:17  Refinery  
  190  14:20  Refinery  
  190  14:29  Siege Tank  
  192  14:32  Barracks Tech Lab  
  192  14:34  Hellbat  
  192  14:35  Siege Tank, Hellbat  
  199  14:39  Command Center  
  192  14:47  Ghost x3  
  192  14:49  Ghost  
  192  14:59  Marine x2  
  194  15:00  Marine x3  
  194  15:01  Siege Tank  
Tags
 
Add a new tag
Caveats
  • Supply blocks, unpowered buildings, or Contaminate may cause inaccurate times.
  • Supply counts are checked every 10 seconds.